 Dungeon Crawl Stone Soup version 0.31.0-32-g396128a36d (webtiles) character file.

Game seed: 2266188342529929198

2 monsoonserge the Trooper (level 1, 0/16 HPs)
             Began as an Octopode Cinder Acolyte on Mar 21, 2024.
             Was a High Priest of Ignis.
             Slain by a gnoll
             ... wielding a +0 spear
              (4 damage)
             ... on level 1 of the Dungeon.
             The game lasted 00:00:15 (97 turns).

monsoonserge the Trooper (Octopode Cinder Acolyte)    Turns: 97, Time: 00:00:15

Health: 0/16       AC:  1    Str: 13    XL:     1   Next: 30%
Magic:  2/2        EV: 12    Int: 16    God:    Ignis [*****.]
Gold:   30         SH:  0    Dex:  7    Spells: 2/2 levels left

rFire   + . .        a - -1 mace (flame)
rCold   . . .        (no shield)
rNeg    . . .        (helmet restricted)
rPois   .            (no amulet)
rElec   .            (no ring)
rCorr   .            (no ring)
SInv    .            (no ring)
Will    .....        (no ring)
Stlth   ++           (no ring)
HPRegen 0.22/turn    (no ring)
MPRegen 0.08/turn    (no ring)
                     (no ring)

%: no passive effects
@: no status effects
A: almost no armour, amphibious, 8 rings, camouflage 1, gelatinous body 1,
(nimble swimmer 1), tentacles
a: Renounce Religion, Fiery Armour, Foxfire Swarm, Rising Flame


You were on level 1 of the Dungeon.
You worshipped Ignis.
Ignis was extremely pleased with you.
You visited 1 branch of the dungeon, and saw 1 of its levels.

You collected 30 gold pieces.

Inventory:

Hand Weapons
 a - a -1 mace of flaming (weapon)
Potions
 b - 2 potions of berserk rage {unknown}


   Skills:
 + Level 3.1 Fighting
 + Level 3.0 Maces & Flails
 + Level 1.0 Spellcasting
 + Level 3.0 Fire Magic


You had 2 spell levels left.
You didn't know any spells.
Your spell library contained the following spells:

 Spells                   Type           Power      Damage    Failure   Level
 Scorch                   Fire           20%        2d5       10%         2


Dungeon Overview and Level Annotations

Branches:
Dungeon (1/15)

Altars:


Innate Abilities, Weirdness & Mutations

You cannot wear most types of armour.
You are amphibious.
You can wear up to eight rings at the same time.
Your skin changes colour to match your surroundings (Stealth+).
Your rubbery body absorbs attacks. (AC +1, EV +1)
((You are camouflaged when in or above water. (Stealth+)))
You have tentacles for arms and can constrict up to eight enemies at once.


Message History

You now have 30 gold pieces (gained 12).
A frilled lizard and a rat come into view.
The helpless rat fails to defend itself.
You hit the rat. You burn the rat.
You kill the rat!
The frilled lizard hisses angrily.
You see here a rat corpse.
The frilled lizard barely misses you.
You barely miss the frilled lizard. You grab the frilled lizard.
Your squeeze misses the frilled lizard. You constrict the frilled lizard.
The frilled lizard closely misses you.
You hit the frilled lizard. You burn the frilled lizard.
You kill the frilled lizard!
Found 2 smoky golden potions.
You see here a frilled lizard corpse.
A gnoll comes into view. It is wielding a +0 spear.
A bat comes into view.
Found 7 gold pieces.
You see here 2 smoky golden potions.
b - 2 smoky golden potions The gnoll shouts!
The bat closely misses you. The bat barely misses you.
You hit the bat. You burn the bat.
You kill the bat!
You see here a bat corpse.
A hobgoblin comes into view.
The gnoll hits you from afar with a +0 spear.
The gnoll misses you.
You closely miss the gnoll.
The hobgoblin shouts!
Your grab misses the gnoll. The gnoll hits you with a +0 spear!
* * * LOW HITPOINT WARNING * * *
The gnoll closely misses you.
You barely miss the gnoll. You grab the gnoll. You constrict the gnoll.
The gnoll misses you.
You completely miss the gnoll.
The gnoll is lightly wounded.
You constrict the gnoll. The gnoll hits you with a +0 spear.
You die...

#.#.....##..#..##.
#.#......###'###.......
##.#.........#...........
#..#.........#.....#.....
#..##.......##......g....
#...##.....##............
#....#######..#.........$
#................g.......
##.........#†##.@........
##........#.##..........
##........†.†..........
#..........#......###.
########...#......#
##...........
##.#.######## #....
......


You could see a gnoll and a hobgoblin.

Vanquished Creatures
  A bat (D:1)
  A frilled lizard (D:1)
  A rat (D:1)
3 creatures vanquished.

Notes
Turn   | Place    | Note
-------+----------+-------------------------------------------
     0 | D:1      | monsoonserge the Octopode Cinder Acolyte began the quest
                  | for the Orb.
     0 | D:1      | Reached XP level 1. HP: 16/16 MP: 2/2
    97 | D:1      | Slain by a gnoll

Illustrated notes

Levels and vault maps discovered:
D:1:      co_arrival_two_rings, layout_rooms, minmay_misc_feat_more_columns

Action                     || total
---------------------------++-------
  Melee: Mace              ||     7
         Constrict         ||     2
   Stab: Sleeping          ||     1
 Armour: Skin              ||     3
  Dodge: Dodged            ||     7
